 Dungeon Crawl Stone Soup version bcrawl-1.36.4 (webtiles) character file.

Game seed: 3252933565721041627

198654 BreqofToren the Cudgeler (level 7, -3/55 (58) HPs)
             Began as a Demigod Fighter on July 11, 2022.
             Splashed by a jelly's acid (4 damage)
             ... on level 5 of the Dungeon.
             The game lasted 00:15:58 (4635 turns).

BreqofToren the Cudgeler (Demigod Fighter)          Turns: 4635, Time: 00:15:59

HP:   -3/55 (58)    AC:  4    Str: 24    XL:     7   Next: 54%
MP:   12/12         EV:  8    Int: 12    God:    Demigod [***...]
Gold: 252           SH: 10    Dex: 16    Spells: 6/6 levels left

rFire    . . .     SeeInvis .   a - +0 flail
rCold    + + .     Gourm    .   c - +0 medium shield
rNeg     . . .     Faith    .   y - +1 ring mail of Paranoia {rC++ MR+ Regen+}
rPois    +         Spirit   .   t - +0 helmet
rElec    .         Reflect  .   (no cloak)
rCorr    .                      (no gloves)
MR       +....                  (no boots)
Stlth    +.........             (no amulet)
HPRegen  0.58/turn              n - ring of poison resistance
MPRegen  0.13/turn              (no ring)

@: corroded
A: high mp 1
a: Temporal Distortion, Growth, Major Destruction


You were on level 5 of the Dungeon.
You worshipped Demigod.
Demigod was most pleased with you.
You were hungry.

You visited 1 branch of the dungeon, and saw 5 of its levels.
You also visited: Sewer.

You collected 252 gold pieces.

Inventory:

Hand Weapons
 a - a +0 flail (weapon)
Armour
 c - a +0 medium shield (worn)
 m - a +0 chain mail
 t - a +0 helmet (worn)
 y - the +1 ring mail of Paranoia (worn) {rC++ MR+ Regen+}
   (You found it on level 5 of the Dungeon)

   It greatly protects you from cold.
   It affects your resistance to hostile enchantments.
   It increases your rate of regeneration.
Jewellery
 n - a ring of poison resistance (left hand)
Wands
 b - a wand of polymorph (7)
 x - a wand of charming (11)
Scrolls
 f - 2 scrolls of fear
 i - a scroll of identify
 k - 3 scrolls of teleportation
 p - 2 scrolls of blinking
 s - 2 scrolls of fog
 v - 3 scrolls of magic mapping {unknown}
 z - a scroll of immolation
 A - a scroll of remove curse {unknown}
Potions
 d - a potion of might
 g - 2 potions of resistance
 h - 3 potions of degeneration {unknown}
 j - a potion of ambrosia
 l - a potion of haste
 o - a potion of berserk rage {unknown}
 q - 3 potions of invisibility {unknown}
 r - 2 potions of flight {unknown}
 u - a potion of heal wounds {unknown}
 w - a potion of lignification {unknown}
Comestibles
 e - 7 rations {!d}


   Skills:
 + Level 3.8 Fighting
 * Level 4.4 Maces & Flails
 + Level 3.9 Armour
 + Level 2.4 Dodging
 + Level 4.1 Shields
 + Level 3.9 Invocations


You had 6 spell levels left.
You didn't know any spells.
Your spell library was empty.

Dungeon Overview and Level Annotations

Branches:
Dungeon (5/12)
 Temple: D:4-7

Annotations:
D:3 1 runed door


Innate Abilities, Weirdness & Mutations

You have an increased reservoir of magic. (+10% MP)


Message History

The jelly hits you but does no damage. The gnoll hits you.
The gnoll hits you but does no damage.
You hit the jelly.
Your hands burn!
The jelly is almost dead.
You block the jelly's attack. The gnoll barely misses you.
You block the gnoll's attack.
The gnoll hits you from afar with a +0 spear.
* * * LOW HITPOINT WARNING * * *
The gnoll hits you.
* * * LOW HITPOINT WARNING * * *
The jelly hits you but does no damage.
Your shield and ring mail of Paranoia prevent you from hitting the jelly.
The jelly is almost dead.
The gnoll hits you with a +2 whip of pain!
* * * LOW HITPOINT WARNING * * *
You block the gnoll's attack. The jelly hits you but does no damage.
The gnoll barely misses you. The gnoll closely misses you.
You hit the jelly.
Your hands burn!
You die...
Your divinity fades.

#####..##.....#....#
#..##..# ....##...#
#......##########'##
.......#......##..#
#..##..##.........+
#..##..##.........#
#......##.....##### .
.......##....†##..##....
#..##...#.....%.@Jg'....
#..##...#......†gg.#....
...# .##..........# . .
#.....###+## #. #######
#.. . ...# #..#


You could see a jelly and 3 gnolls.

Vanquished Creatures
  A necrophage (D:5)
  Blork the orc (D:5)
  A centaur (D:3)
  2 orc priests (D:3)
  A crimson imp (D:5)
  2 hounds
  An iguana (D:5)
  Ijyb (D:3)
  Terence (D:2)
  A worker ant (D:3)
  2 orc wizards
  Robin (D:3)
  4 gnolls
  4 adders (D:3)
  5 oozes
  5 worms
  A dart slug (D:1)
  5 leopard geckos
  10 orcs
  7 bats
  7 giant cockroaches
  18 goblins
  7 hobgoblins
  8 jackals
  6 kobolds
  3 quokkas (D:3)
  2 ball pythons (Sewer)
  9 frilled lizards
  3 rats
119 creatures vanquished.

Notes
Turn   | Place    | Note
-------+----------+-------------------------------------------
     0 | D:1      | BreqofToren the Demigod Fighter began the quest for the
                  | Orb.
     0 | D:1      | Reached XP level 1. HP: 18/18 MP: 3/3
   137 | D:1      | Reached XP level 2. HP: 16/25 MP: 4/4
   325 | D:1      | Reached skill level 1 in Invocations
   945 | D:2      | Reached XP level 3. HP: 30/30 MP: 6/6
   949 | D:2      | Reached * piety under Demigod
  1455 | D:2      | Noticed Terence
  1467 | D:2      | Killed Terence
  1468 | D:2      | Reached skill level 1 in Dodging
  1468 | D:2      | Reached XP level 4. HP: 37/37 MP: 7/7
  2058 | D:3      | Found a glowing drain.
  2089 | Sewer    | Entered a sewer
  2356 | Sewer    | Reached ** piety under Demigod
  2948 | Sewer    | Reached XP level 5. HP: 45/45 MP: 9/9
  3251 | D:3      | Reached XP level 6. HP: 47/51 MP: 10/10
  3300 | D:3      | Found a radiant altar of Vehumet.
  3483 | D:3      | Noticed Robin
  3498 | D:3      | Reached *** piety under Demigod
  3510 | D:3      | Killed Robin
  3662 | D:3      | Found a runed door.
  3742 | D:3      | Noticed Ijyb
  3747 | D:3      | Killed Ijyb
  4247 | D:4      | Reached XP level 7. HP: 42/57 MP: 12/12
  4404 | D:5      | Entered Level 5 of the Dungeon
  4404 | D:5      | Noticed Blork the orc
  4411 | D:5      | Killed Blork the orc
  4493 | D:5      | Got a heavily runed ring mail
  4504 | D:5      | Identified the +1 ring mail of Paranoia {rC++ MR+ Regen+}
                  | (You found it on level 5 of the Dungeon)
  4634 | D:5      | HP: 1/55 [gnoll/+2 whip of pain (7)]
  4635 | D:5      | Splashed by a jelly's acid

Skill      XL: |  1  2  3  4  5  6  7 |
---------------+----------------------+-----
Maces & Flails | 2 3 4 |  4.4
Invocations    | 1 2 3 |  3.9
Armour         | 3 |  3.9
Dodging        | 1 2 |  2.4
Shields        | 3 4 |  4.1
Fighting       | 3 |  3.8

Action                   |  1- 3 |  4- 6 |  7- 9 || total
-------------------------+-------+-------+-------++-------
Melee: Flail             |   104 |   310 |    40 ||   454
       Unarmed           |       |     1 |       ||     1
  Use: Scroll            |     5 |     5 |       ||    10
       Potion            |       |     1 |     1 ||     2
  Eat: Chunk             |     5 |    19 |     4 ||    28
Armor: Scale mail        |    21 |       |       ||    21
       Chain mail        |    21 |   245 |       ||   266
       Ring mail         |       |       |    17 ||    17
Dodge: Dodged            |    11 |    74 |    13 ||    98
Block: Medium shield     |    52 |   212 |    22 ||   286
